 Dungeon Crawl Stone Soup version 0.26-a0-1049-g242049e08c (webtiles) character file.

Game seed: 18140153779163720604

15997 Murumi the Thrower (level 12, 0/123 HPs)
             Began as an Ogre Conjurer on Dec 12, 2020.
             Was a High Priest of Okawaru.
             Slain by a wolf (4 damage)
             ... on level 2 of the Lair of Beasts.
             The game lasted 01:13:28 (19160 turns).

Murumi the Thrower (Ogre Conjurer)                 Turns: 19160, Time: 01:13:29

Health: 0/123      AC:  8    Str: 18    XL:     12   Next: 32%
Magic:  0/16       EV: 11    Int: 19    God:    Okawaru [*****.]
Gold:   1013       SH:  0    Dex: 11    Spells: 14/17 levels left

rFire    + + .     SeeInvis .   c - +5 whip (drain)
rCold    + . .     Faith    .   (no shield)
rNeg     . . .     Spirit   +   K - +0 robe {rC+ rF+}
rPois    +         Reflect  .   (helmet restricted)
rElec    .         Harm     .   d - +0 cloak
rCorr    .         Rampage  .   (gloves unavailable)
Will     +....                  (boots unavailable)
Stlth    ++++......             I - amulet of guardian spirit
HPRegen  0.30/turn              N - ring "Impipoxt" {rF+ AC+4 Dex+4}
MPRegen  0.15/turn              x - ring of poison resistance

@: marked
A: large, unfitting armour, tough skin 1
a: Heroism, Finesse, Renounce Religion


You were on level 2 of the Lair of Beasts.
You worshipped Okawaru.
Okawaru was extremely pleased with you.
You visited 3 branches of the dungeon, and saw 15 of its levels.
You also visited: Ossuary.

You collected 1013 gold pieces.

Inventory:

Hand Weapons
 c - a +5 whip of draining (weapon)
 B - a +1 whip of electrocution
 C - a +0 giant spiked club
Missiles
 a - 15 large rocks
 f - 266 stones (quivered)
 h - 81 poisoned darts
 j - 6 datura-tipped darts
 y - 3 boomerangs
 A - 3 javelins
 H - 3 throwing nets
 J - 7 atropa-tipped darts
 P - 8 silver javelins
Armour
 d - a +0 cloak (worn)
 K - a +0 robe of resistance (worn)
Jewellery
 w - an uncursed ring of ice
 x - a ring of poison resistance (right hand)
 F - a +6 ring of dexterity
 I - an amulet of guardian spirit (around neck)
 L - an uncursed amulet of regeneration {unknown}
 N - the ring "Impipoxt" (left hand) {rF+ AC+4 Dex+4}
   (You found it on level 10 of the Dungeon)

   [ring of protection]

   It affects your AC (+4).
   It affects your dexterity (+4).
   It protects you from fire.
 O - an uncursed ring of see invisible
 Q - an uncursed ring of willpower
Wands
 q - a wand of enslavement (15)
 t - a wand of iceblast (32)
 D - a wand of digging (9)
Scrolls
 n - 5 scrolls of remove curse
 o - 4 scrolls of amnesia
 s - 6 scrolls of teleportation
 G - a scroll of magic mapping
 R - a scroll of identify
Potions
 b - a potion of resistance
 e - 3 potions of haste {unknown}
 g - 9 potions of heal wounds
 i - 6 potions of lignification
 k - 3 potions of might
 l - 7 potions of curing
 m - 2 potions of magic
 p - 4 potions of attraction {unknown}
 r - 6 potions of flight
 u - 4 potions of brilliance
 v - 3 potions of mutation {unknown}
 z - a potion of berserk rage {unknown}
 E - a potion of cancellation {unknown}
Miscellaneous
 M - a box of beasts (inert)


   Skills:
 - Level 9.0 Fighting
 - Level 9.0 Maces & Flails
 + Level 10.1 Throwing
 - Level 1.0 Armour
 - Level 4.0 Dodging
 - Level 9.0 Stealth
 - Level 3.0 Spellcasting
 - Level 4.0 Conjurations
 - Level 3.0 Invocations
 - Level 2.0 Evocations


You had 14 spell levels left.
You knew the following spells:

 Your Spells              Type           Power        Failure   Level
a - Magic Dart            Conj           ###.         3%          1
b - Searing Ray           Conj           ###...       4%          2

Your spell library contained the following spells:

 Spells                   Type           Power        Failure   Level
 Apportation              Tloc           #.....       16%         1
 Conjure Flame            Conj/Fire      ##......     21%         3
 Dazzling Flash           Conj/Hex       ##....       21%         3
 Blink                    Tloc           N/A          22%         2
 Call Imp                 Summ           #.......     22%         2
 Slow                     Hex            #.......     22%         2
 Mephitic Cloud           Conj/Pois/Air  #.......     26%         3
 Confusing Touch          Hex            #.......     41%         3
 Gell's Gravitas          Tloc           #.........   41%         3
 Fulminant Prism          Conj/Hex       ##........   54%         4
 Iskenderun's Mystic Bla  Conj/Tloc      ##......     54%         4
 Petrify                  Tmut/Erth      #.......     83%         4
 Metabolic Englaciation   Hex/Ice        #.........   99%         5
 Yara's Violent Unravell  Hex/Tmut       #.........   99%         5


Dungeon Overview and Level Annotations

Branches:
Dungeon (12/15)            Temple (1/1) D:6            Lair (2/6) D:11
Ossuary (visited)
  Swamp: Lair:2-4    Shoals: Lair:2-4     Snake: Lair:2-4    Spider: Lair:2-4
    Orc: D:9-12

Altars:
Ashenzari
Cheibriados
Dithmenos
Elyvilon
Fedhas
Gozag
Hepliaklqana
Kikubaaqudgha
Makhleb
Nemelex Xobeh
Okawaru
Qazlal
Ru
Sif Muna
Trog
Uskayaw
Vehumet
Wu Jian
Xom
Yredelemnul
Zin
The Shining One

Shops:
D:9 !

Portals:
Ice
Cave: Lair:2

Annotations:
D:10 1 runed translucent door


Innate Abilities, Weirdness & Mutations

You are too large for most types of armour.
You have tough skin. (AC +1)


Message History

Okawaru accepts your kill.
You hit the white imp.
The white imp is lightly wounded.
The white imp pulls the alarm!
The alarm trap emits a blaring wail!
A sentinel's mark forms upon you.
You hear an angry hiss. x2; You hear a croak.
You hear an angry hiss.
You hear a loud, deep croak!
You hear a croak.
You hear a loud, deep croak!
You hear an angry hiss.
You hear a shout!
You hear a bellow! x4
The white imp hits you but does no damage.
A wolf comes into view.
The wolf bites you.
* * * LOW HITPOINT WARNING * * *
The wolf closely misses you. The wolf bites you!
* * * LOW HITPOINT WARNING * * *
The wolf bites you!
* * * LOW HITPOINT WARNING * * *
The wolf bites you.
You die...

,,,,,,,*>*,*,*,,,,,,,,,,,,,,,,,,,
,*******,,,,,,,*********,,*,,***,
*********,****** ******# *,
*,*#P###**##### #####*## **P#***
**,.#.P#.###.#.###...##P###...,*,
,,,...........................,,,
,,,.......*#.#................,,,
**,.......**#.........<.......,,,
*,,......5###.5h@.............,,,
*,,...∩...#.5#5h..............,,,
,,,..H..H.5...h...............,,,
,,,...................$.......,,,
,,,.#....##P##..##.##.##......,,,
**,,#....,####.########,...#..***
**,,##..,,** #..* ****,..####*
,*,,,##.,,,**#.##***,***,.#**** *
,,,,,,.,,*,,**,**,*,,***,,,**,***


You could see 3 wolves and 3 white imps.

Vanquished Creatures
  A hydra (Lair:1)
  A centaur warrior (D:12)
  2 two-headed ogres
  An unseen horror (D:12)
  Pikel (D:5)
  A manticore (D:11)
  3 cyclopes (D:11)
  A centaur zombie (D:11)
  Maggie (Lair:1)
  2 cane toads (Lair:1)
  2 komodo dragons (Lair:1)
  2 trolls
  Prince Ribbit (D:5)
  Sigmund (D:5)
  4 yaks (Lair:1)
  2 wyverns (D:11)
  A basilisk (Lair:1)
  Menkaure (D:5)
  4 water moccasins
  Duvessa (D:4)
  2 orc warriors
  5 ice beasts
  3 phantoms
  2 sky beasts
  2 eyes of draining
  A necrophage (D:9)
  A black bear (D:7)
  7 ogres
  3 centaurs
  A big kobold (D:10)
  8 bullfrogs
  Dowan (D:4)
  2 wyvern zombies
  A wyvern skeleton (D:11)
  A water moccasin skeleton (D:4)
  A scorpion (D:8)
  13 wights
  8 electric eels
  5 howler monkeys
  A quasit (D:7)
  16 hounds
  2 bullfrog zombies
  4 orc priests
  5 jellies
  11 orc wizards
  3 centaur skeletons
  7 iguanas
  Terence (D:3)
  4 worker ants
  A hound skeleton (D:4)
  8 mummies (Ossuary)
  2 worker ant zombies
  4 gnolls (D:5)
  A howler monkey skeleton (D:6)
  15 adders
  A shadow imp (D:6)
  6 white imps
  2 ufetubi
  An adder zombie (D:9)
  3 adder skeletons
  7 worms
  4 dart slugs
  10 leopard geckos
  30 orcs
  4 giant cockroaches
  A gnoll zombie (Ossuary)
  9 goblins
  6 hobgoblins
  10 jackals
  A quokka (D:5)
  3 ball pythons
  7 bats
  7 frilled lizards
  A hobgoblin zombie (Ossuary)
  3 jackal skeletons
  15 kobolds
  4 kobold zombies (Ossuary)
  2 leopard gecko skeletons
  A leopard gecko zombie (D:8)
  2 orc zombies (Ossuary)
  6 rats
331 creatures vanquished.

Vanquished Creatures (collateral kills)
  A cane toad (Lair:1)
  A komodo dragon (Lair:2)
  A worker ant (D:12)
  3 white imps (Lair:2)
  3 orcs (D:6)
9 creatures vanquished.

Vanquished Creatures (others)
  An orc warrior (D:12)
  2 fungi (Lair:1)
  63 plants
66 creatures vanquished.

Grand Total: 406 creatures vanquished

Notes
Turn   | Place    | Note
-------+----------+-------------------------------------------
     0 | D:1      | Murumi the Ogre Conjurer began the quest for the Orb.
     0 | D:1      | Reached XP level 1. HP: 16/16 MP: 3/3
   268 | D:1      | Reached XP level 2. HP: 24/24 MP: 3/5
   271 | D:1      | Learned a level 2 spell: Searing Ray
   643 | D:1      | Reached XP level 3. HP: 31/31 MP: 2/7
  1061 | D:2      | Reached skill level 1 in Throwing
  1195 | D:2      | Reached skill level 1 in Maces & Flails
  1195 | D:2      | Reached skill level 1 in Fighting
  1195 | D:2      | Reached XP level 4. HP: 32/41 MP: 4/8
  1466 | D:2      | Reached skill level 2 in Throwing
  1517 | D:2      | Found a blossoming altar of Fedhas.
  1997 | D:2      | Reached XP level 5. HP: 48/48 MP: 9/9
  2254 | D:3      | Noticed Terence
  2564 | D:3      | Found a white marble altar of Elyvilon.
  2588 | D:3      | Killed Terence
  3046 | D:3      | Reached skill level 3 in Throwing
  3454 | D:4      | Noticed Duvessa
  3454 | D:4      | Noticed Dowan
  3576 | D:4      | Reached XP level 6. HP: 55/57 MP: 3/10
  3629 | D:4      | Killed Duvessa
  3638 | D:4      | Killed Dowan
  3931 | D:4      | Reached skill level 4 in Throwing
  3954 | D:4      | Reached XP level 7. HP: 46/67 MP: 11/11
  4178 | D:4      | Found a basalt altar of Yredelemnul.
  4180 | D:4      | Noticed a profane servitor
  4197 | D:4      | Found a glowing golden altar of the Shining One.
  4199 | D:4      | Noticed an angel
  4340 | D:5      | Entered Level 5 of the Dungeon
  4485 | D:5      | Noticed Pikel
  4502 | D:5      | Killed Pikel
  4503 | D:5      | Reached skill level 5 in Throwing
  4503 | D:5      | Reached XP level 8. HP: 58/78 MP: 2/12
  4651 | D:5      | Found a shimmering blue altar of Sif Muna.
  4652 | D:5      | Found an ancient bone altar of Kikubaaqudgha.
  4652 | D:5      | Found a radiant altar of Vehumet.
  4658 | D:5      | Identified Vehumet's Incunabulum of Confrontation
  4698 | D:5      | Found a bloodstained altar of Trog.
  4973 | D:5      | Reached skill level 1 in Evocations
  5095 | D:5      | Noticed Menkaure
  5205 | D:5      | Noticed Sigmund
  5205 | D:5      | Noticed Prince Ribbit
  5244 | D:5      | Reached skill level 5 in Maces & Flails
  5355 | D:5      | Killed Prince Ribbit
  5356 | D:5      | Reached skill level 6 in Throwing
  5406 | D:5      | Reached skill level 5 in Fighting
  5482 | D:5      | Killed Sigmund
  5483 | D:5      | Reached XP level 9. HP: 88/88 MP: 5/13
  5819 | D:5      | Killed Menkaure
  5820 | D:5      | Reached skill level 7 in Throwing
  6553 | D:6      | Found a staircase to the Ecumenical Temple.
  6560 | Temple   | Entered the Ecumenical Temple
  6862 | Temple   | Became a worshipper of Warmaster Okawaru
  7184 | D:6      | Reached skill level 5 in Stealth
  7212 | D:6      | Reached skill level 1 in Invocations
  7849 | D:7      | Found a sand-covered staircase.
  7857 | Ossuary  | Entered an ossuary
  8678 | D:7      | Found an ornate altar of the Wu Jian Council.
  8761 | D:7      | Reached * piety under Okawaru
  8762 | D:7      | Reached skill level 8 in Throwing
  9075 | D:7      | Reached XP level 10. HP: 94/98 MP: 14/14
  9584 | D:7      | Found an opulent altar of Gozag.
  9851 | D:8      | Found a shimmering blue altar of Sif Muna.
 11416 | D:8      | Reached ** piety under Okawaru
 11776 | D:8      | Found a snail-covered altar of Cheibriados.
 11777 | D:8      | Found a shadowy altar of Dithmenos.
 12073 | D:8      | Identified Sif Muna's Collected Works on Dislocation
 12734 | D:9      | Found Hohuywosk's Distillery.
 12793 | D:9      | Noticed a two-headed ogre
 12806 | D:9      | Killed a two-headed ogre
 12806 | D:9      | Reached *** piety under Okawaru
 12807 | D:9      | Reached skill level 9 in Throwing
 13077 | D:9      | You fall into a shaft and drop 3 floors!
 13138 | D:12     | Noticed a two-headed ogre
 13267 | D:12     | Noticed a centaur warrior
 13289 | D:12     | Killed a centaur warrior
 13289 | D:12     | Reached **** piety under Okawaru
 13290 | D:12     | Reached XP level 11. HP: 57/111 MP: 10/15
 13344 | D:12     | Killed a two-headed ogre
 13345 | D:12     | Reached skill level 1 in Armour
 13632 | D:12     | Killed an unseen horror
 13852 | D:11     | Reached ***** piety under Okawaru
 13978 | D:11     | Noticed a cyclops
 13982 | D:11     | Killed a cyclops
 14204 | D:11     | Noticed a cyclops
 14211 | D:11     | Killed a cyclops
 14601 | D:10     | Entered Level 10 of the Dungeon
 14727 | D:9      | Found an iron altar of Okawaru.
 15205 | D:10     | Found a runed translucent door.
 15406 | D:10     | Found a basalt altar of Yredelemnul.
 15445 | D:10     | Got a slimy lead ring
 15447 | D:10     | Identified the ring "Impipoxt" {rF+ AC+4 Dex+4} (You found
                  | it on level 10 of the Dungeon)
 15922 | D:11     | Noticed a cyclops
 15933 | D:11     | Killed a cyclops
 16160 | D:11     | Received a gift from Okawaru
 16593 | D:11     | Noticed a manticore
 16605 | D:11     | Killed a manticore
 16699 | D:11     | Received a gift from Okawaru
 16868 | D:11     | Reached skill level 10 in Throwing
 17056 | D:11     | Found a staircase to the Lair.
 17120 | D:11     | Found a glowing golden altar of the Shining One.
 17405 | D:11     | Received a gift from Okawaru
 17507 | Lair:1   | Entered Level 1 of the Lair of Beasts
 17693 | Lair:1   | Noticed a seven-headed hydra
 17695 | Lair:1   | Reached XP level 12. HP: 123/123 MP: 16/16
 17704 | Lair:1   | Killed a seven-headed hydra
 18467 | Lair:1   | Noticed Maggie
 18723 | Lair:1   | Killed Maggie
 19126 | Lair:2   | Found a frozen archway.
 19160 | Lair:2   | HP: 4/123 [wolf (7)]
 19160 | Lair:2   | Slain by a wolf

Illustrated notes

Levels and vault maps discovered:
D:1:      wander_arrival_chamber, layout_basic
D:2:      layout_loops_ring, kennysheep_minor_cross, fedhas_altar_2
D:3:      layout_loops_ring, elyvilon_altar_1, uniq_terence
D:4:      layout_rooms, grunt_temple_overflow_holy_war, uniq_duvessa
D:5:      layout_basic, grunt_temple_overflow_magic_moments,
          overflow_temple_1_default, minmay_puff, uniq_prince_ribbit1,
          uniq_sigmund, uniq_menkaure, uniq_pikel
D:6:      layout_layer_cave, minmay_temple_entry_offerings
D:7:      layout_loops_corners, kennysheep_mini,
          nicolae_gozag_cash_rules_everything_around_me,
          chequers_ossuary_entry_cave, chequers_serial_rivers_micro_e
D:8:      layout_basic, gammafunk_temple_overflow_statue, serial_bayou,
          serial_bayou_lagoon_a, serial_bayou_ford_a, serial_bayou_crossing,
          serial_bayou_pond_b, led_sif_book
D:9:      layout_big_octagon, serial_shops, shop_fountains,
          okawaru_altar_gauntlet_db
D:10:     layout_cave_pools, dk_yredelemnul_ordeal
D:11:     layout_basic, erik_lair_island, chequers_serial_rivers_small_3,
          nicolae_tso_swordbearing_angel
D:12:     layout_gridville, david_orc_3, special_room [special_room_orc],
          trog_wizard
Temple:   minmay_temple_forest_path
Lair:1:   layout_small_grid, uniq_maggie
Lair:2:   layout_small_grid, portal_ice_cave_entry_imps, st_stairs_8, uniq_erica

Skill      XL: |  1  2  3  4  5  6  7  8  9 10 11 12 |
---------------+-------------------------------------+-----
Conjurations   | 4 |  4.0
Spellcasting   | 3 |  3.0
Dodging        | 2 4 |  4.0
Stealth        | 2 3 4 5 6 7 9 |  9.0
Throwing       | 1 2 3 4 5 6 8 9 10 | 10.1
Maces & Flails | 1 2 3 4 5 6 8 9 |  9.0
Fighting       | 1 2 3 4 5 6 8 9 |  9.0
Evocations     | 1 2 |  2.0
Invocations    | 2 3 |  3.0
Armour         | 1 |  1.0

Action                   |  1- 3 |  4- 6 |  7- 9 | 10-12 || total
-------------------------+-------+-------+-------+-------++-------
Melee: Unarmed           |     3 |       |       |       ||     3
       Whip              |    18 |   112 |   214 |   616 ||   960
Throw: Stone             |     5 |    82 |   242 |   549 ||   878
       Dart              |       |    13 |    28 |    22 ||    63
       Boomerang         |       |       |    13 |    19 ||    32
       Large rock        |       |       |       |    11 ||    11
 Cast: Magic Dart        |    57 |     7 |       |       ||    64
       Searing Ray       |     2 |    13 |    18 |    16 ||    49
Invok: Heroism           |       |       |       |     1 ||     1
Evoke: Wand              |       |       |       |     1 ||     1
       Box of beasts     |       |       |       |     1 ||     1
  Use: Scroll            |     4 |     6 |     4 |    10 ||    24
       Potion            |       |       |       |     1 ||     1
 Stab: Sleeping          |       |     2 |     4 |     5 ||    11
       Distracted        |       |       |       |     1 ||     1
Armor: Robe              |     9 |    22 |    38 |    92 ||   161
Dodge: Dodged            |    12 |    54 |   165 |   281 ||   512

Table legend: (Time is in decaauts)
 A = Elapsed time spent in this place.
 B = Non-inter-level travel time spent in this place.
 C = Inter-level travel time spent in this place.
 D = Time resting spent in this place.
 E = Time spent auto-exploring this place.
 F = Levels seen in this place.
 G = Mean time per level.
                   A        B        C        D        E       F      G
               +--------+--------+--------+--------+--------+-----+--------+
         Total |  18756 |  17663 |   1093 |    916 |  13968 |  16 | 1172.2 |
       Dungeon |  16353 |  15410 |    943 |    763 |  12233 |  12 | 1362.8 |
        Temple |    345 |    286 |     59 |      0 |    285 |   1 |  345.0 |
          Lair |   1578 |   1488 |     90 |    153 |   1099 |   2 |  789.0 |
       Ossuary |    478 |    478 |      0 |      0 |    351 |   1 |  478.0 |
               +--------+--------+--------+--------+--------+-----+--------+

Top non-repeatable levels by time:
     D:8: 2742 daAuts
    D:11: 2276 daAuts
     D:5: 1618 daAuts
  Lair:1: 1539 daAuts
     D:6: 1444 daAuts
     D:7: 1381 daAuts
     D:2: 1345 daAuts
     D:3: 1256 daAuts
     D:9: 1047 daAuts
     D:1: 940 daAuts
     D:4: 844 daAuts
    D:12: 732 daAuts
    D:10: 723 daAuts
 Ossuary: 478 daAuts
  Temple: 345 daAuts
